AoeStats
← Beer

Arena

508883560Analyzed
4v4 RM · 9d ago on Sep 24, 2026· 64m 17s· 8 players
Game mode
Random Map
Map size
Large (8 player)
Population
200
Speed
Normal
Resources
Standard
Victory
Conquest
Starting age
Dark Age
Ending age
Imperial Age
RankedLock teamsTeams togetherTeam positionsShared explorationLock speedFull tech treeHidden civsTurbo modeCheats
Victory
Defeat
🇳🇱 Mongols · Netherlands
1300
+10
🇨🇳 Magyars · China
1163
+15
🇲🇽 Byzantines · Mexico
1125
+17
🇳🇱 Franks · Netherlands
994
+50
🇹🇼 Turks · Taiwan
1146
-16
🇹🇼 Burgundians · Taiwan
1143
-16
🇦🇺 Danes · Australia
1135
-16
🇦🇺 Persians · Australia
1134
-16
Cosmonaut
10:33 Feudal Age
11:46 Double-Bit Axe
14:37 Castle Age
12:51 Horse Collar
15:45 Bow Saw
23:15 Wheelbarrow
26:48 Gold Mining
30:43 Imperial Age
28:28 Forging
28:10 Fletching
30:23 Gold Shaft Mining
30:36 Heavy Plow
31:45 Ballistics
31:24 Bodkin Arrow
31:30 Padded Archer Armor
33:01 Fortified Wall
33:52 Chemistry
38:28 Bloodlines
38:18 Husbandry
38:25 Thumb Ring
38:47 Parthian Tactics
38:33 Elite Mangudai
39:58 Bracer
41:08 Capped Ram
41:59 Stone Mining
43:58 Siege Engineers
44:49 Siege Ram
47:54 Drill
47:57 Conscription
51:30 Hand Cart
54:38 Leather Archer Armor
Koning Willie
6:51 Loom
7:11 Loom
7:41 Loom
7:55 Loom
10:48 Feudal Age
14:43 Double-Bit Axe
17:20 Castle Age
17:08 Forging
18:16 Scale Barding Armor
19:31 Bow Saw
20:45 Gold Mining
26:56 Husbandry
31:19 Iron Casting
34:56 Gold Shaft Mining
34:12 Stone Mining
39:34 Imperial Age
39:50 Town Watch
40:45 Wheelbarrow
42:09 Cavalier
43:12 Chain Barding Armor
44:03 Hand Cart
47:07 Blast Furnace
57:02 Paladin
Ehco
11:20 Feudal Age
13:01 Loom
15:35 Castle Age
16:01 Wheelbarrow
21:32 Double-Bit Axe
26:15 Horse Collar
27:18 Heavy Plow
28:19 Gold Mining
28:41 Bow Saw
31:56 Imperial Age
29:56 Hand Cart
30:19 Scale Barding Armor
30:08 Stone Mining
30:54 Gold Shaft Mining
30:42 Hand Cart
30:32 Murder Holes
30:19 Treadmill Crane
30:14 Pikeman
31:24 Corvinian Army
32:45 Thumb Ring
33:24 Conscription
32:28 Elite Magyar Huszar
34:59 Chain Barding Armor
34:30 Fletching
34:41 Padded Archer Armor
36:01 Heavy Cavalry Archer
37:26 Leather Archer Armor
38:06 Parthian Tactics
39:02 Plate Barding Armor
38:33 Husbandry
38:44 Bloodlines
39:41 Recurve Bow
43:12 Hoardings
42:06 Halberdier
45:09 Scale Mail Armor
45:41 Ring Archer Armor
45:09 Bodkin Arrow
47:56 Bracer
53:39 Siege Engineers
54:35 Chemistry
53:07 Man-at-Arms
54:33 Scale Mail Armor
57:17 Chain Mail Armor
RaulelPiadoso
10:04 Feudal Age
13:32 Loom
16:49 Castle Age
16:22 Horse Collar
16:29 Double-Bit Axe
18:31 Loom
22:12 Pikeman
24:54 Heavy Plow
26:16 Forging
28:03 Iron Casting
30:44 Imperial Age
29:07 Wheelbarrow
29:07 Scale Mail Armor
30:00 Gambesons
30:47 Chain Mail Armor
30:22 Fletching
30:51 Hand Cart
31:03 Halberdier
33:56 Bodkin Arrow
35:03 Chemistry
37:19 Squires
38:46 Plate Mail Armor
38:17 Bracer
38:42 Bow Saw
42:09 Arson
43:48 Two-Man Saw
45:08 Gold Mining
45:09 Stone Mining
48:50 Ballistics
48:38 Scale Barding Armor
49:11 Gold Shaft Mining
49:12 Stone Shaft Mining
52:00 Conscription
53:08 Murder Holes
53:54 Elite Cataphract
57:08 Elite Varangian Guard
58:14 Caravan
尿尿完要膽丹丹
11:46 Feudal Age
15:51 Castle Age
14:19 Double-Bit Axe
23:06 Imperial Age
21:11 Gold Mining
21:09 Loom
22:35 Forging
41:38 Wheelbarrow
45:36 Hand Cart
45:06 Town Watch
48:14 Guilds
48:35 Coinage
48:05 Caravan
50:54 Banking
50:33 Town Patrol
50:30 Stone Mining
51:15 Gold Shaft Mining
52:17 Thumb Ring
56:57 Bow Saw
57:30 Parthian Tactics
57:45 Iron Casting
57:10 Padded Archer Armor
57:10 Scale Mail Armor
57:01 Fletching
57:16 Scale Barding Armor
57:54 Capped Ram
習包子小學生
10:33 Feudal Age
13:25 Double-Bit Axe
16:15 Castle Age
15:05 Bow Saw
14:47 Horse Collar
16:30 Forging
17:45 Loom
21:12 Scale Barding Armor
22:25 Cavalier
24:59 Chain Barding Armor
27:53 Two-Man Saw
28:51 Iron Casting
31:25 Husbandry
34:04 Imperial Age
33:33 Masonry
33:42 Stone Mining
34:34 Wheelbarrow
34:01 Heavy Plow
35:30 Crop Rotation
35:38 Plate Barding Armor
35:00 Fletching
37:27 Chemistry
36:07 Treadmill Crane
36:39 Paladin
39:43 Blast Furnace
39:59 Hand Cart
39:55 Gold Mining
43:10 Bodkin Arrow
43:16 Padded Archer Armor
44:28 Elite Skirmisher
46:06 Architecture
46:48 Light Cavalry
47:41 Caravan
47:50 Town Watch
48:30 Ballistics
48:06 Murder Holes
48:34 Bracer
48:50 Leather Archer Armor
50:27 Burgundian Vineyards
50:46 Conscription
49:56 Hussar
57:29 Scale Mail Armor
Wiring Tool
11:50 Feudal Age
16:17 Castle Age
14:30 Double-Bit Axe
17:31 Bow Saw
19:56 Horse Collar
20:51 Heavy Plow
21:56 Stone Mining
23:12 Stone Shaft Mining
26:58 Gold Mining
30:17 Pikeman
30:58 Squires
31:45 Wheelbarrow
30:58 Loom
32:49 Forging
32:39 Scale Mail Armor
36:08 Imperial Age
35:17 Chain Mail Armor
36:32 Hand Cart
37:13 Iron Casting
37:11 Conscription
36:34 Northmen's Fury
40:05 Elite Jomsviking
41:49 Blast Furnace
41:19 Plate Mail Armor
41:03 Caravan
42:50 Chemistry
42:12 Ballistics
42:05 Hamask
45:06 Arson
45:26 Man-at-Arms
46:01 Gambesons
45:41 Elite Varangian Guard
47:08 Onager
47:43 Arrowslits
47:51 Guard Tower
53:00 Keep
60:35 Halberdier
Beer
11:41 Feudal Age
12:12 Double-Bit Axe
15:06 Castle Age
13:11 Horse Collar
20:14 Gold Mining
20:28 Stone Mining
21:28 Loom
24:01 Bow Saw
23:59 Heavy Plow
28:16 Imperial Age
26:58 Wheelbarrow
26:41 Scale Barding Armor
27:10 Forging
27:07 Husbandry
27:19 Bloodlines
28:12 Chain Barding Armor
29:01 Iron Casting
27:52 Cavalier
29:55 Plate Barding Armor
30:22 Savar
34:36 Conscription
35:46 Blast Furnace
36:16 Gold Shaft Mining
36:18 Stone Shaft Mining
44:21 Light Cavalry
46:10 Caravan
48:04 Hussar
Connection lost

Rejoining the realm…

Still unreachable

The connection could not be restored.

Session expired

The server has moved on; the page needs a fresh start.